TOP OF THE 1ST |
Colorado (EL) Rockies batting - Pitching for Pensacola Blue Wahoos : RHP Jose Marrero
|
Pitching: RHP Jose Marrero
|
|
Batting: SHB Eddie Quinones
|
0-0: Ball 1-0: Foul Ball, location: 2F 1-1: Foul Ball, location: 2F 1-2: Ball 2-2: Ball 3-2: Fly out, F9 (Flyball, 9S, EV 90.6 MPH)
|
Batting: RHB Jayden Patterson
|
0-0: Called Strike 0-1: Swinging Strike 0-2: Ball 1-2: Fly out, F3 (Popup, 3F, EV 62.5 MPH)
|
Batting: LHB Eric Ludwig
|
0-0: Called Strike 0-1: Swinging Strike 0-2: Strikes out looking
|
Top of the 1st over - 0 runs, 0 hits, 0 errors, 0 left on base; Colorado (EL) 0 - Pensacola 0 |
BOTTOM OF THE 1ST |
Pensacola Blue Wahoos batting - Pitching for Colorado (EL) Rockies : RHP Sipi Kilpinen
|
Pitching: RHP Sipi Kilpinen
|
|
Batting: RHB Solange Le Coq
|
0-0: Foul Ball, location: 2F 0-1: Swinging Strike 0-2: Ball 1-2: Strikes out swinging
|
Batting: RHB Tim Wormell
|
0-0: Ball 1-0: Ball 2-0: Ball 3-0: Base on Balls
|
Batting: LHB Steven Wamble
|
0-0: Called Strike 0-1: DOUBLE (Flyball, 78D, EV 113.8 MPH) Tim Wormell to third
|
Batting: RHB Ricky Carbajal
|
0-0: Called Strike 0-1: Called Strike 0-2: Ball 1-2: Foul Ball, location: 2F 1-2: Foul Ball, location: 2F 1-2: Ball 2-2: Foul Ball, location: 2F 2-2: Fly out, F7 (Flyball, 7, EV 79.4 MPH)
|
Batting: RHB David Clough
|
0-0: Ball 1-0: Ball 2-0: SINGLE (Groundball, 34S, EV 98.1 MPH) Tim Wormell scores Steven Wamble to third Runner from 3rd tries for Home, SAFE, throw by RF to home
|
Batting: RHB Jon Marquez
|
0-0: Ball 1-0: Ball 2-0: Foul Ball, location: 2F 2-1: Fly out, F7 (Flyball, 7D, EV 105.6 MPH)
|
Bottom of the 1st over - 2 runs, 2 hits, 0 errors, 1 left on base; Colorado (EL) 0 - Pensacola 2 |
TOP OF THE 2ND |
Colorado (EL) Rockies batting - Pitching for Pensacola Blue Wahoos : RHP Jose Marrero
|
Batting: RHB Nick Rang
|
0-0: Called Strike 0-1: Ball 1-1: Ball 2-1: Ball 3-1: Called Strike 3-2: Base on Balls
|
Batting: LHB Dave Doughty
|
0-0: Fly out, F7 (Flyball, 78XD, EV 104.4 MPH)
|
Batting: RHB Max Schellekens
|
0-0: Ball Nick Rang steals 2nd base 1-0: Swinging Strike 1-1: 2-RUN HOME RUN (Flyball, 8RXD, EV 111.2 MPH), Distance : 440 ft
|
Batting: SHB Chris Besselman
|
0-0: Ball 1-0: Foul Ball, location: 2F 1-1: Called Strike 1-2: Ball 2-2: SOLO HOME RUN (Flyball, 9LD, EV 93.1 MPH), Distance : 337 ft
|
Batting: RHB Matt Wheaton
|
0-0: Ball 1-0: Foul Ball, location: 2F 1-1: Fly out, F1 (Line Drive, P, EV 71.2 MPH)
|
Batting: RHB Jerry Edmiston
|
0-0: Ball 1-0: Swinging Strike 1-1: Ball 2-1: TRIPLE (Flyball, 8RXD, EV 98.1 MPH)
|
Batting: SHB Eddie Quinones
|
0-0: Ball 1-0: Ground out 2-3 (Groundball, 15S, EV 66.2 MPH)
|
Top of the 2nd over - 3 runs, 3 hits, 0 errors, 1 left on base; Colorado (EL) 3 - Pensacola 2 |
BOTTOM OF THE 2ND |
Pensacola Blue Wahoos batting - Pitching for Colorado (EL) Rockies : RHP Sipi Kilpinen
|
Batting: RHB Pedro Pinero
|
0-0: Called Strike 0-1: Fly out, F5 (Popup, 56S, EV 76.9 MPH)
|
Batting: LHB Manny Ruvalcaba
|
0-0: Called Strike 0-1: Called Strike 0-2: Ground out 6-3 (Groundball, 4MD, EV 100.0 MPH)
|
Batting: SHB Jared Thomas
|
0-0: Called Strike 0-1: Ball 1-1: Foul Ball, location: 2F 1-2: Strikes out swinging
|
Bottom of the 2nd over - 0 runs, 0 hits, 0 errors, 0 left on base; Colorado (EL) 3 - Pensacola 2 |
TOP OF THE 3RD |
Colorado (EL) Rockies batting - Pitching for Pensacola Blue Wahoos : RHP Jose Marrero
|
Batting: RHB Jayden Patterson
|
0-0: Called Strike 0-1: Ground out 5-3 (Groundball, 56, EV 78.1 MPH)
|
Batting: LHB Eric Ludwig
|
0-0: DOUBLE (Groundball, 3L, EV 111.2 MPH)
|
Batting: RHB Nick Rang
|
0-0: 2-RUN HOME RUN (Flyball, 7D, EV 103.1 MPH), Distance : 388 ft
|
Batting: LHB Dave Doughty
|
0-0: Ball 1-0: Ball 2-0: Called Strike 2-1: Ball 3-1: Foul Ball, location: 2F 3-2: Strikes out swinging
|
Batting: RHB Max Schellekens
|
0-0: SINGLE (Groundball, 56D, EV 100.0 MPH)
|
Batting: SHB Chris Besselman
|
0-0: Ball 1-0: Foul Ball, location: 2F 1-1: Ball 2-1: Ball 3-1: SINGLE (Flyball, 6D, EV 90.6 MPH) Max Schellekens to second
|
Pitching: LHP Mario Arango
|
|
Batting: RHB Matt Wheaton
|
0-0: Ball 1-0: Ball 2-0: Ball Wild Pitch! Max Schellekens to third Chris Besselman to second 3-0: Base on Balls
|
Batting: RHB Jerry Edmiston
|
0-0: Called Strike 0-1: Ball 1-1: SINGLE (Groundball, 4MD, EV 95.0 MPH) Max Schellekens scores Chris Besselman to third Matt Wheaton to second
|
Batting: SHB Eddie Quinones
|
0-0: Called Strike 0-1: Foul Ball, location: 2F 0-2: Foul Ball, location: 2F 0-2: SINGLE (Flyball, 78S, EV 98.8 MPH) Chris Besselman scores Matt Wheaton to third Jerry Edmiston to second Runner from 3rd tries for Home, throw by LF and OUT! 7-2
|
Top of the 3rd over - 4 runs, 6 hits, 0 errors, 2 left on base; Colorado (EL) 7 - Pensacola 2 |
BOTTOM OF THE 3RD |
Pensacola Blue Wahoos batting - Pitching for Colorado (EL) Rockies : RHP Sipi Kilpinen
|
Batting: RHB Solange Le Coq
|
0-0: Hit by Pitch
|
Batting: RHB Tim Wormell
|
0-0: Ball Solange Le Coq steals 2nd base 1-0: Ball 2-0: TRIPLE (Flyball, 89XD, EV 106.9 MPH) Solange Le Coq scores
|
Batting: LHB Steven Wamble
|
0-0: Called Strike 0-1: Ball 1-1: Foul Ball, location: 2F 1-2: Foul Ball, location: 2F 1-2: Foul Ball, location: 2F 1-2: Strikes out looking
|
Batting: RHB Ricky Carbajal
|
0-0: Ball 1-0: DOUBLE (Flyball, 8RXD, EV 102.5 MPH) Tim Wormell scores
|
Batting: RHB David Clough
|
0-0: Called Strike 0-1: Foul Ball, location: 2F 0-2: Ball 1-2: Ball 2-2: Foul Ball, location: 2F 2-2: Ground out 4-3 (Groundball, 34, EV 89.4 MPH) Ricky Carbajal to third
|
Batting: RHB Jon Marquez
|
0-0: Ball 1-0: Ground out 5-3 (Groundball, 56, EV 84.4 MPH)
|
Bottom of the 3rd over - 2 runs, 2 hits, 0 errors, 1 left on base; Colorado (EL) 7 - Pensacola 4 |
TOP OF THE 4TH |
Colorado (EL) Rockies batting - Pitching for Pensacola Blue Wahoos : LHP Mario Arango
|
Batting: RHB Jayden Patterson
|
0-0: Fly out, F4 (Popup, 4, EV 65.6 MPH)
|
Batting: LHB Eric Ludwig
|
0-0: Called Strike 0-1: Foul Ball, location: 2F 0-2: Ball 1-2: Ball 2-2: Foul Ball, location: 2F 2-2: Ball 3-2: Foul Ball, location: 2F 3-2: Base on Balls
|
Batting: RHB Nick Rang
|
0-0: Ball 1-0: Called Strike 1-1: Ball 2-1: Called Strike 2-2: Ball 3-2: Base on Balls Eric Ludwig to second
|
Batting: LHB Dave Doughty
|
0-0: Swinging Strike 0-1: Ball 1-1: Ball 2-1: DOUBLE (Flyball, 8LXD, EV 92.5 MPH) Eric Ludwig scores Nick Rang to third
|
Batting: RHB Max Schellekens
|
0-0: Called Strike 0-1: Ball 1-1: Ball 2-1: Called Strike 2-2: Fly out, F8 (Flyball, 8RS, EV 83.1 MPH)
|
Batting: SHB Chris Besselman
|
0-0: Ground out 6-3 (Groundball, 6, EV 88.1 MPH)
|
Top of the 4th over - 1 run, 1 hit, 0 errors, 2 left on base; Colorado (EL) 8 - Pensacola 4 |
BOTTOM OF THE 4TH |
Pensacola Blue Wahoos batting - Pitching for Colorado (EL) Rockies : RHP Sipi Kilpinen
|
Batting: RHB Pedro Pinero
|
0-0: Foul Ball, location: 2F 0-1: Ball 1-1: Ball 2-1: Ground out 1-3 (Groundball, 34S, EV 73.1 MPH)
|
Batting: LHB Manny Ruvalcaba
|
0-0: SINGLE (Groundball, 4MS, EV 70.0 MPH) (infield hit)
|
Batting: SHB Jared Thomas
|
0-0: Called Strike 0-1: Ball 1-1: Ball 2-1: Fly out, F7 (Flyball, 78S, EV 85.0 MPH)
|
Batting: RHB Solange Le Coq
|
0-0: Ball 1-0: Ball 2-0: Foul Ball, location: 2F 2-1: Fly out, F8 (Flyball, 8LS, EV 96.2 MPH)
|
Bottom of the 4th over - 0 runs, 1 hit, 0 errors, 1 left on base; Colorado (EL) 8 - Pensacola 4 |
TOP OF THE 5TH |
Colorado (EL) Rockies batting - Pitching for Pensacola Blue Wahoos : LHP Mario Arango
|
Batting: RHB Matt Wheaton
|
0-0: Swinging Strike 0-1: Ball 1-1: Called Strike 1-2: Ball 2-2: Strikes out swinging
|
Batting: RHB Jerry Edmiston
|
0-0: Ball 1-0: Foul Ball, location: 2F 1-1: Ground out 6-3 (Groundball, 6, EV 90.6 MPH)
|
Batting: SHB Eddie Quinones
|
0-0: Called Strike 0-1: Ball 1-1: Foul Ball, location: 2F 1-2: Foul Ball, location: 2F 1-2: Foul Ball, location: 2F 1-2: Ball 2-2: Ball 3-2: Fly out, F9 (Flyball, 89S, EV 73.1 MPH)
|
Top of the 5th over - 0 runs, 0 hits, 0 errors, 0 left on base; Colorado (EL) 8 - Pensacola 4 |
BOTTOM OF THE 5TH |
Pensacola Blue Wahoos batting - Pitching for Colorado (EL) Rockies : RHP Sipi Kilpinen
|
Batting: RHB Tim Wormell
|
0-0: Called Strike 0-1: Ball 1-1: Swinging Strike 1-2: Ground out U3 (Groundball, 34, EV 88.1 MPH)
|
Batting: LHB Steven Wamble
|
0-0: Called Strike 0-1: Ball 1-1: Ground out 4-3 (Groundball, 4, EV 81.9 MPH)
|
Batting: RHB Ricky Carbajal
|
0-0: DOUBLE (Groundball, 5L, EV 108.1 MPH)
|
Batting: RHB David Clough
|
0-0: Ball 1-0: Called Strike 1-1: Ball 2-1: SINGLE (Line Drive, 78S, EV 103.1 MPH) Ricky Carbajal to third Runner from 3rd tries for Home, SAFE, throw by LF to home
|
Pitching: RHP Stephen Bailey
|
|
Batting: RHB Jon Marquez
|
0-0: Called Strike 0-1: Swinging Strike 0-2: Ball 1-2: Ground out U3 (Groundball, 34, EV 86.9 MPH)
|
Bottom of the 5th over - 1 run, 2 hits, 0 errors, 1 left on base; Colorado (EL) 8 - Pensacola 5 |
TOP OF THE 6TH |
Colorado (EL) Rockies batting - Pitching for Pensacola Blue Wahoos : LHP Mario Arango
|
Batting: RHB Jayden Patterson
|
0-0: Swinging Strike 0-1: Foul Ball, location: 2F 0-2: Ball 1-2: Strikes out looking
|
Batting: LHB Eric Ludwig
|
0-0: Foul Ball, location: 2F 0-1: Ball 1-1: Ground out 6-3 (Groundball, 4M, EV 78.8 MPH)
|
Batting: RHB Nick Rang
|
0-0: Ball 1-0: Ball 2-0: Ball 3-0: Called Strike 3-1: Base on Balls
|
Pitching: RHP Chris Stewart
|
|
Batting: LHB Dave Doughty
|
0-0: Ball 1-0: Ball 2-0: Swinging Strike 2-1: Ball 3-1: Base on Balls Nick Rang to second
|
Batting: RHB Max Schellekens
|
0-0: Fly out, F3 (Popup, 3S, EV 85.6 MPH)
|
Top of the 6th over - 0 runs, 0 hits, 0 errors, 2 left on base; Colorado (EL) 8 - Pensacola 5 |
BOTTOM OF THE 6TH |
Pensacola Blue Wahoos batting - Pitching for Colorado (EL) Rockies : RHP Stephen Bailey
|
Batting: RHB Pedro Pinero
|
0-0: Called Strike 0-1: Called Strike 0-2: SOLO HOME RUN (Flyball, 78XD, EV 91.9 MPH) (Inside the Park)
|
Batting: LHB Manny Ruvalcaba
|
0-0: Ground out U3 (Groundball, 3L, EV 82.5 MPH)
|
Batting: SHB Jared Thomas
|
0-0: Swinging Strike 0-1: SINGLE (Groundball, 34D, EV 101.9 MPH)
|
Batting: RHB Solange Le Coq
|
0-0: Ball 1-0: Foul Ball, location: 2F 1-1: SINGLE (Groundball, 6MS, EV 63.1 MPH) (infield hit) Jared Thomas to second
|
Batting: RHB Tim Wormell
|
0-0: Foul Ball, location: 2F 0-1: Ball 1-1: Swinging Strike 1-2: Ball 2-2: Fly out, F2 (Popup, 2R, EV 89.4 MPH)
|
Batting: LHB Steven Wamble
|
0-0: Foul Ball, location: 2F 0-1: Ball 1-1: Ball 2-1: Ground out U3 (Groundball, 34, EV 104.4 MPH)
|
Bottom of the 6th over - 1 run, 3 hits, 0 errors, 2 left on base; Colorado (EL) 8 - Pensacola 6 |
TOP OF THE 7TH |
Colorado (EL) Rockies batting - Pitching for Pensacola Blue Wahoos : RHP Chris Stewart
|
Batting: SHB Chris Besselman
|
0-0: Ball 1-0: Fly out, F8 (Line Drive, 8RM, EV 90.6 MPH)
|
Batting: RHB Matt Wheaton
|
0-0: Ground out 6-3 (Groundball, 6M, EV 79.4 MPH)
|
Batting: RHB Jerry Edmiston
|
0-0: Ball 1-0: Ball 2-0: Fly out, F9 (Flyball, 9LM, EV 98.1 MPH)
|
Top of the 7th over - 0 runs, 0 hits, 0 errors, 0 left on base; Colorado (EL) 8 - Pensacola 6 |
BOTTOM OF THE 7TH |
Pensacola Blue Wahoos batting - Pitching for Colorado (EL) Rockies : RHP Stephen Bailey
|
Batting: RHB Ricky Carbajal
|
0-0: Fly out, F9 (Flyball, 89D, EV 96.9 MPH)
|
Batting: RHB David Clough
|
0-0: Ball 1-0: Foul Ball, location: 2F 1-1: Ball 2-1: Ball 3-1: Ground out U3 (Groundball, 3, EV 101.9 MPH)
|
Batting: RHB Jon Marquez
|
0-0: Ball 1-0: Called Strike 1-1: Called Strike 1-2: Ground out 1-3 (Groundball, 13, EV 67.5 MPH)
|
Bottom of the 7th over - 0 runs, 0 hits, 0 errors, 0 left on base; Colorado (EL) 8 - Pensacola 6 |
TOP OF THE 8TH |
Colorado (EL) Rockies batting - Pitching for Pensacola Blue Wahoos : RHP Chris Stewart
|
Batting: SHB Eddie Quinones
|
0-0: Ball 1-0: Ball 2-0: SINGLE (Groundball, 34D, EV 105.6 MPH)
|
Batting: RHB Jayden Patterson
|
0-0: Called Strike 0-1: Called Strike 0-2: Ball 1-2: Foul Ball, location: 2F 1-2: 2-RUN HOME RUN (Line Drive, 7LD, EV 95.6 MPH), Distance : 363 ft
|
Batting: LHB Eric Ludwig
|
0-0: Called Strike 0-1: Swinging Strike 0-2: Ball 1-2: Strikes out swinging
|
Batting: RHB Nick Rang
|
0-0: Ball 1-0: Foul Ball, location: 2F 1-1: Ball 2-1: Foul Ball, location: 2F 2-2: Foul Ball, location: 2F 2-2: Foul Ball, location: 2F 2-2: Ground out 6-3 (Groundball, 6, EV 103.8 MPH)
|
Batting: LHB Dave Doughty
|
0-0: Foul Ball, location: 2F 0-1: Ball 1-1: Foul Ball, location: 2F 1-2: Ground out 4-3 (Groundball, 34, EV 91.9 MPH)
|
Top of the 8th over - 2 runs, 2 hits, 0 errors, 0 left on base; Colorado (EL) 10 - Pensacola 6 |
BOTTOM OF THE 8TH |
Pensacola Blue Wahoos batting - Pitching for Colorado (EL) Rockies : RHP Stephen Bailey
|
Pitching: LHP Bill Ogren
|
|
Batting: RHB Pedro Pinero
|
0-0: Ball 1-0: Ball 2-0: Ground out 4-3 (Groundball, 4, EV 85.0 MPH)
|
Batting: RHB Joseph Kirchmann
|
0-0: Foul Ball, location: 2F 0-1: Ball 1-1: Ground out 6-3 (Groundball, 6, EV 86.9 MPH)
|
Batting: SHB Jared Thomas
|
0-0: Ball 1-0: Called Strike 1-1: Ball 2-1: Ball 3-1: Base on Balls
|
Batting: RHB Solange Le Coq
|
0-0: Ball 1-0: Ball 2-0: Called Strike 2-1: Foul Ball, location: 2F 2-2: Ball 3-2: SINGLE (Groundball, 56S, EV 65.6 MPH) (infield hit) Jared Thomas to second
|
Batting: RHB Tim Wormell
|
0-0: Ground out U3 (Groundball, 3, EV 90.0 MPH)
|
Bottom of the 8th over - 0 runs, 1 hit, 0 errors, 2 left on base; Colorado (EL) 10 - Pensacola 6 |
TOP OF THE 9TH |
Colorado (EL) Rockies batting - Pitching for Pensacola Blue Wahoos : RHP Chris Stewart
|
Pitching: RHP Erick Marcano
|
|
Batting: RHB Max Schellekens
|
0-0: Swinging Strike 0-1: Ball 1-1: Ball 2-1: Swinging Strike 2-2: Foul Ball, location: 2F 2-2: Strikes out swinging
|
Batting: SHB Chris Besselman
|
0-0: Foul Ball, location: 2F 0-1: Foul Ball, location: 2F 0-2: Ball 1-2: Ball 2-2: Ball 3-2: Foul Ball, location: 2F 3-2: Fly out, F9 (Flyball, 9D, EV 90.0 MPH)
|
Batting: RHB Matt Wheaton
|
0-0: Ball 1-0: Ball 2-0: Swinging Strike 2-1: Foul Ball, location: 2F 2-2: Ball 3-2: SOLO HOME RUN (Flyball, 7D, EV 100.0 MPH), Distance : 390 ft
|
Batting: RHB Jerry Edmiston
|
0-0: SOLO HOME RUN (Line Drive, 7LD, EV 94.4 MPH), Distance : 355 ft
|
Batting: SHB Eddie Quinones
|
0-0: SINGLE (Line Drive, 34D, EV 102.5 MPH)
|
Batting: RHB Jayden Patterson
|
0-0: Called Strike 0-1: Foul Ball, location: 2F 0-2: Ball 1-2: Ball 2-2: Fielders Choice at 2nd, 6-4 (Groundball, 6, EV 91.2 MPH)
|
Top of the 9th over - 2 runs, 3 hits, 0 errors, 1 left on base; Colorado (EL) 12 - Pensacola 6 |
BOTTOM OF THE 9TH |
Pensacola Blue Wahoos batting - Pitching for Colorado (EL) Rockies : LHP Bill Ogren
|
Batting: LHB Steven Wamble
|
0-0: SINGLE (Flyball, 6MD, EV 93.1 MPH)
|
Batting: RHB Ricky Carbajal
|
0-0: Ball 1-0: Ball 2-0: DOUBLE (Line Drive, 89M, EV 90.0 MPH) Steven Wamble to third
|
Batting: RHB David Clough
|
0-0: Ball 1-0: Ground out 4-3 (Groundball, 13, EV 83.8 MPH) Steven Wamble scores Ricky Carbajal to third
|
Batting: RHB Jon Marquez
|
0-0: Ball 1-0: Called Strike 1-1: DOUBLE (Line Drive, 9LD, EV 107.5 MPH) Ricky Carbajal scores
|
Batting: RHB Pedro Pinero
|
0-0: Ball 1-0: Called Strike 1-1: Swinging Strike 1-2: Strikes out looking
|
Batting: RHB Joseph Kirchmann
|
0-0: Ground out 6-3 (Groundball, 6MS, EV 81.2 MPH)
|
Bottom of the 9th over - 2 runs, 3 hits, 0 errors, 1 left on base; Colorado (EL) 12 - Pensacola 8 |
|